 Dungeon Crawl Stone Soup version 0.24-a0-139-geb6712d (webtiles) character file.

Game seed: 12607249335702688184

67 Gorice the Skirmisher (level 4, -5/41 HPs)
             Began as a Hill Orc Wanderer on Mar 1, 2019.
             Killed by nerve-wracking pain
             ... invoked by Grinder
              (11 damage)
             ... on level 3 of the Dungeon.
             The game lasted 00:06:27 (2365 turns).

Gorice the Skirmisher (Hill Orc Wanderer)           Turns: 2365, Time: 00:06:28

Health: -5/41      AC:  3    Str: 14 (15) XL:     4   Next: 18%
Magic:  4/4        EV: 16    Int: 10 (12) God:
Gold:   109        SH:  0    Dex: 13 (15) Spells: 3/3 levels left

rFire    . . .     SeeInvis .   b - +0 whip
rCold    . . .     Gourm    .   (no shield)
rNeg     . . .     Faith    .   c - +0 robe
rPois    .         Spirit   .   (no helmet)
rElec    .         Reflect  .   (no cloak)
rCorr    .         Harm     .   (no gloves)
MR       .....                  (no boots)
Stlth    +++.......             (no amulet)
HPRegen  0.13/turn              i - +1 ring of protection
MPRegen  0.09/turn              (no ring)

@: agile, hasted, very quick
A: no striking features
a: no special abilities


You were on level 3 of the Dungeon.
You were not hungry.

You visited 1 branch of the dungeon, and saw 3 of its levels.

You collected 109 gold pieces.

Inventory:

Hand Weapons
 b - a +0 whip (weapon)
 d - a +0 club
 e - a +0 dagger
Missiles
 Y - 28 stones (quivered)
Armour
 c - a +0 robe (worn)
Jewellery
 i - a +1 ring of protection (left hand)
Scrolls
 k - 3 scrolls of teleportation {unknown}
 l - a scroll of remove curse
 n - a scroll of amnesia
Comestibles
 f - 6 rations


   Skills:
 + Level 4.4 Fighting
 - Level 1.5 Stealth
   Level 1.7 Charms
   Level 1.0 Necromancy
   Level 3.2 Fire Magic
   Level 1.7 Poison Magic


You had 3 spell levels left.
You didn't know any spells.
Your spell library contained the following spells:

 Spells                   Type           Power        Failure   Level  Hunger
 Flame Tongue             Conj/Fire      #....        21%         1    ##.....
 Animate Skeleton         Necr           N/A          26%         1    ##.....
 Pain                     Necr           #...         26%         1    ##.....
 Ignite Poison            Fire/Tmut/Pois #.......     50%         3    ####...
 Regeneration             Chrm/Necr      #.........   54%         3    ####...
 Vampiric Draining        Necr           #.........   58%         3    ####...
 Animate Dead             Necr           N/A          94%         4    #####..


Dungeon Overview and Level Annotations

Branches:
Dungeon (3/15)

Altars:
Ashenzari
Dithmenos
Fedhas
Xom

Annotations:
D:3 Grinder


Message History

Grinder is lightly wounded.
Grinder hits you but does no damage.
You hit Grinder but do no damage.
Grinder is lightly wounded.
You closely miss Grinder.
Grinder is lightly wounded.
Grinder hits you but does no damage.
Unknown command.
Unknown command.
Unknown command.
Unknown command.
Unknown command.
Unknown command.
Unknown command.
Unknown command.
Unknown command.
Unknown command.
Unknown command.
You hit Grinder but do no damage.
Grinder is lightly wounded.
Grinder gestures at you. You resist with significant effort.
Unknown command.
You barely miss Grinder.
Grinder is lightly wounded.
Grinder hits you but does no damage.
Unknown command.
You closely miss Grinder.
Grinder is lightly wounded.
Unknown command.
You closely miss Grinder.
Grinder is lightly wounded.
Grinder hits you but does no damage.
Unknown command.
You closely miss Grinder.
Grinder is lightly wounded.
Grinder hits you but does no damage.
Unknown command.
You hit Grinder.
Grinder is lightly wounded.
Unknown command.
You hit Grinder but do no damage.
Grinder is lightly wounded.
You feel less wooden.
Your +0 robe unmelds from your body.
Grinder blinks!
Damage: 3 (max 6) Unknown command.
Grinder gestures at you. Pain shoots through your body!
You die...

#....<.....#
#####..........#
#...#..........#
##§#§...........#
####.§§#.5.........#
#<#§#§#§#..........#
#..§§_§§§..........#
#.#.#.#.#.##########
#.§#.§.#@.......
##..#§#...######
##.....#)#
#######.(. ####(.
... .. .


You could see Grinder.

Vanquished Creatures
  2 adders
  A worm (D:2)
  A dart slug (D:2)
  A leopard gecko (D:2)
  2 orcs (D:3)
  5 bats
  2 giant cockroaches (D:1)
  2 goblins (D:1)
  7 hobgoblins
  2 jackals (D:2)
  2 kobolds (D:1)
  A quokka (D:2)
  A ball python (D:1)
  4 frilled lizards
  8 rats
41 creatures vanquished.

Notes
Turn   | Place    | Note
-------+----------+-------------------------------------------
     0 | D:1      | Gorice the Hill Orc Wanderer began the quest for the Orb.
     0 | D:1      | Gorice set off with the following items: a +0 robe, a +0
                  | club, a +0 dagger, a ration; and the following spells
                  | available to memorise: Flame Tongue, Animate Skeleton,
                  | Pain, Ignite Poison, Regeneration, Vampiric Draining,
                  | Animate Dead
     0 | D:1      | Reached XP level 1. HP: 14/14 MP: 1/1
    84 | D:1      | Reached skill level 1 in Fighting
   227 | D:1      | Reached XP level 2. HP: 21/24 MP: 2/2
   231 | D:1      | Reached skill level 2 in Fighting
   236 | D:1      | HP: 5/24 [hobgoblin/+0 club (4)]
   237 | D:1      | HP: 2/24 [hobgoblin/+0 club (3)]
  1008 | D:1      | Reached skill level 3 in Fighting
  1096 | D:2      | Found a shimmering altar of Xom.
  1117 | D:2      | Found a blossoming altar of Fedhas.
  1206 | D:2      | Reached XP level 3. HP: 24/31 MP: 3/3
  1229 | D:2      | Found a shattered altar of Ashenzari.
  1730 | D:2      | HP: 9/33 [poisoned by an adder]
  2020 | D:2      | Reached skill level 4 in Fighting
  2248 | D:3      | Found a shadowy altar of Dithmenos.
  2306 | D:3      | HP: 14/49 [poisoned by an adder]
  2310 | D:3      | Reached XP level 4. HP: 14/41 MP: 4/4
  2311 | D:3      | HP: 14/61 [poisoned by an adder]
  2317 | D:3      | HP: 12/61 [poisoned by an adder]
  2323 | D:3      | HP: 11/61 [poisoned by an adder]
  2330 | D:3      | HP: 11/61 [poisoned by an adder]
  2332 | D:3      | Noticed Grinder
  2348 | D:3      | HP: 7/61 [Grinder (6)]
  2365 | D:3      | Killed from afar by Grinder

Levels and vault maps discovered:
D:1:      lightli_arrival_flooded_house, layout_loops_ring
D:2:      minmay_skewed_foursquare, layout_basic,
          nicolae_overflow_crystal_walls, fedhas_altar_3, old_standard_altar
D:3:      minmay_evil_eye, layout_basic, lemuel_coloured_pillars_altar,
          grunt_dithmenos_smoke_and_mirrors, uniq_grinder

Skill      XL: |  1  2  3 |
---------------+----------+-----
Fighting       | 1 3 4 |  4.4
Stealth        | |  1.5
Charms         | |  1.7
Necromancy     | |  1.0
Fire Magic     | |  3.2
Poison Magic   | |  1.7

Action                   |  1- 3 |  4- 6 || total
-------------------------+-------+-------++-------
Melee: Club              |    98 |       ||    98
       Whip              |    83 |    29 ||   112
Throw: Stone             |    11 |       ||    11
  Use: Scroll            |     4 |       ||     4
       Potion            |     1 |     3 ||     4
 Stab: Sleeping          |     1 |       ||     1
  Eat: Chunk             |     5 |       ||     5
Armor: Robe              |    51 |       ||    51
       Skin              |     5 |    20 ||    25
Dodge: Dodged            |   128 |     2 ||   130

Table legend:
 A = Non-vault XP
 B = Vault XP
 C = Vault XP percentage of total XP
 D = Non-vault monster count
 E = Vault monster count
 F = Vault count percentage of total count
                 A         B        C        D         E       F
            +---------+---------+-------+---------+---------+-------
      Total |      74 |      23 |  23.7 |      35 |       6 |  14.6
            +---------+---------+-------+---------+---------+-------
        D:1 |      31 |       0 |   0.0 |      21 |       0 |   0.0
        D:2 |      23 |      23 |  50.0 |      11 |       6 |  35.3
        D:3 |      20 |       0 |   0.0 |       3 |       0 |   0.0
            +---------+---------+-------+---------+---------+-------

Table legend:
 A = Turns spent in this place as a percentage of turns spent in the entire game.
 B = Non-inter-level travel turns spent in this place as a percentage of non-inter-level travel turns spent in the entire game.
 C = Inter-level travel turns spent in this place as a percentage of turns spent in this place.
 D = Turns resting spent in this place as a percentage of non-inter-level travel turns spent in this place.
 E = Turns spent auto-exploring this place as a percentage of non-inter-level travel turns spent in this place.
 F = Non-inter-level travel turns spent in this place divided by the number of levels of this place that you've seen.
                   A       B       C       D       E      F
               +-------+-------+-------+-------+-------+----------------------
         Total | 100.0 | 100.0 |   3.2 |  35.9 |  37.8 | 763.3
       Dungeon | 100.0 | 100.0 |   3.2 |  35.9 |  37.8 | 763.3
               +-------+-------+-------+-------+-------+----------------------

Levels and vault maps discovered:
D:1:      lightli_arrival_flooded_house, layout_loops_ring
D:2:      minmay_skewed_foursquare, layout_basic,
          nicolae_overflow_crystal_walls, fedhas_altar_3, old_standard_altar
D:3:      minmay_evil_eye, layout_basic, lemuel_coloured_pillars_altar,
          grunt_dithmenos_smoke_and_mirrors, uniq_grinder
